 Dungeon Sprint DCSS version 0.21-a0-278-ga722497 (webtiles) character file.

361 vatarom the Carver (level 6, -3/53 HPs)
             Began as a Demonspawn Monk on Sept 21, 2017.
             Was a Believer of Wu Jian.
             Slain by Sonja
             ... wielding a +2 short sword of distortion
              (13 damage)
             ... in the Dungeon (Sprint I: "Red Sonja").
             The game lasted 00:01:38 (794 turns).

vatarom the Carver (Demonspawn Monk)                 Turns: 794, Time: 00:01:39

Health: -3/53      AC: 18    Str: 11    XL:     6   Next: 38%
Magic:  6/6        EV:  8    Int: 11    God:    Wu Jian [**....]
Gold:   297        SH:  0    Dex: 18    Spells: 5/5 levels left

rFire    . . .     SeeInvis .   a - +0 falchion
rCold    . . .     Gourm    .   (no shield)
rNeg     . . .     Faith    .   d - +0 chain mail
rPois    .         Spirit   .   (no helmet)
rElec    .         Reflect  .   (no cloak)
rCorr    .         Harm     .   (no gloves)
MR       .....     NoTele   +   (no boots)
Stlth    ..........             (no amulet)
HPRegen  0.17/turn              (no ring)
MPRegen  0.10/turn              (no ring)

@: lethally poisoned (-3 -> -28), sanguine armour, slowed, very slow
A: demonic guardian 2, powered by death 1, sanguine armour 2
a: Renounce Religion


You were in the Dungeon.
You worshipped Wu Jian.
Wu Jian was pleased with you.
You were not hungry.

You visited 1 branch You collected 297 gold pieces.

Inventory:

Hand Weapons
 a - a +0 falchion (weapon)
Armour
 d - a +0 chain mail (worn)
Scrolls
 i - a scroll of blinking
Potions
 g - 2 potions of magic
Comestibles
 c - a bread ration


   Skills:
 + Level 6.8 Fighting
 * Level 8.4 Long Blades
 + Level 5.4 Armour
 + Level 6.2 Dodging
 - Level 1.7 Stealth


You had 5 spell levels left.
You didn't know any spells.

Dungeon Overview and Level Annotations

Branches:
Dungeon (1/1)

Altars:
Cheibriados
Dithmenos
Elyvilon
Fedhas
Gozag
Hepliaklqana
Kikubaaqudgha
Nemelex Xobeh
Okawaru
Qazlal
Ru
Sif Muna
Trog
Uskayaw
Vehumet
Wu Jian
Yredelemnul
Zin
The Shining One

Shops:
D [

Annotations:
D Sonja


Innate Abilities, Weirdness & Mutations

A demonic guardian rushes to your aid.
You regenerate a little health from kills.
When seriously injured, your bleeding wounds create thick armour. (AC +9)


Message History

The curare-tipped needle closely misses you.
Sonja casts a spell.
Sonja blinks!
You feel sick.
Sonja shoots a curare-tipped needle.
The curare-tipped needle hits you.
You are lethally poisoned!
You have difficulty breathing.
You feel as though you will be slow longer.
There is an open door, spattered with blood here.
You see here a curare-tipped needle.
You completely miss Sonja.
* * * LOW HITPOINT WARNING * * *
You feel very sick.
Sonja unwields an uncursed enchanted blowgun.
Sonja wields an uncursed short sword of distortion.
Its appearance distorts for a moment.
Sonja hits you but does no damage.
Sonja hits you with an uncursed short sword of distortion.
* * * LOW HITPOINT WARNING * * *
Space warps horribly around you!
You die...

################
#<.#..').#..'..#
#..'[.#..').#..+
#..#####'#####.#
#..####..#...#.#
#..#__####..##.#
#..#____4##(#_.+
#⌠⌠#_.∩...@K.._#
####_..__##_.#+#
#_____###'#
####### .# .$
.$# .## +#


You could see Sonja and a friendly orange demon.

Vanquished Creatures
  Sigmund (D)
  A yak (D)
  An ogre (D)
  A jelly (D)
  Ijyb (D)
5 creatures vanquished.

Notes
Turn   | Place    | Note
-------+----------+-------------------------------------------
     0 | D        | vatarom the Demonspawn Monk began the quest for the Orb.
     0 | D        | Reached XP level 1. HP: 18/18 MP: 1/1
     2 | D        | Noticed Ijyb
    36 | D        | Killed Ijyb
    36 | D        | Reached skill level 4 in Long Blades
    36 | D        | Gained mutation: A weak demonic guardian rushes to your aid. [demonic ancestry]
    36 | D        | Reached XP level 2. HP: 2/25 MP: 2/2
   325 | D        | Noticed an ogre
   330 | D        | Killed an ogre
   330 | D        | Reached skill level 5 in Fighting
   330 | D        | Reached skill level 5 in Long Blades
   330 | D        | Gained mutation: You regenerate a little health from kills. [demonic ancestry]
   330 | D        | Reached XP level 3. HP: 20/33 MP: 3/3
   330 | D        | Gained mutation: When seriously injured, your bleeding wounds create armour. (AC +9) [demonic ancestry]
   330 | D        | Reached XP level 4. HP: 24/39 MP: 4/4
   497 | D        | Noticed Sigmund
   516 | D        | Killed Sigmund
   516 | D        | Reached skill level 7 in Long Blades
   516 | D        | Reached skill level 5 in Dodging
   516 | D        | Gained mutation: When seriously injured, your bleeding wounds create thick armour. (AC +9) [demonic ancestry]
   516 | D        | Reached XP level 5. HP: 46/46 MP: 5/5
   544 | D        | Found a deep blue altar of Sif Muna.
   545 | D        | Found an ornate altar of the Wu Jian Council.
   546 | D        | Found a radiant altar of Vehumet.
   558 | D        | HP: 1/46 [acid (9)]
   571 | D        | Gained mutation: A demonic guardian rushes to your aid. [demonic ancestry]
   571 | D        | Reached XP level 6. HP: 17/52 MP: 6/6
   658 | D        | Became a worshipper of the Wu Jian Council
   658 | D        | Reached * piety under Wu Jian
   658 | D        | Reached ** piety under Wu Jian
   767 | D        | Found Reraczei's Armour Emporium.
   767 | D        | Found an ancient bone altar of Kikubaaqudgha.
   767 | D        | Found a hazy altar of Hepliaklqana.
   767 | D        | Found a hide-covered altar of Uskayaw.
   767 | D        | Found a basalt altar of Yredelemnul.
   767 | D        | Found an opulent altar of Gozag.
   767 | D        | Found a snail-covered altar of Cheibriados.
   767 | D        | Found a sacrificial altar of Ru.
   767 | D        | Found a shadowy altar of Dithmenos.
   767 | D        | Noticed a yak
   776 | D        | Killed a yak
   776 | D        | Reached skill level 8 in Long Blades
   776 | D        | Reached skill level 5 in Armour
   777 | D        | Found a stormy altar of Qazlal.
   777 | D        | Found a blossoming altar of Fedhas.
   777 | D        | Found a bloodstained altar of Trog.
   777 | D        | Found an iron altar of Okawaru.
   777 | D        | Found a glowing golden altar of the Shining One.
   777 | D        | Found a glowing silver altar of Zin.
   777 | D        | Found a white marble altar of Elyvilon.
   779 | D        | Found a sparkling altar of Nemelex Xobeh.
   788 | D        | Noticed Sonja
   794 | D        | Slain by Sonja

Vault maps used:
D:        dungeon_sprint_1

Skill      XL: |  1  2  3  4  5  6 |
---------------+-------------------+-----
Long Blades    | 4 5 7 8 |  8.4
Armour         | 2 3 4 5 |  5.4
Dodging        | 3 4 5 6 |  6.2
Fighting       | 5 6 |  6.8
Stealth        | |  1.7

Action                   |  1- 3 |  4- 6 || total
-------------------------+-------+-------++-------
Melee: Falchion          |    35 |    35 ||    70
  Use: Potion            |     2 |     2 ||     4
       Scroll            |       |     2 ||     2
Armor: Robe              |     5 |       ||     5
       Chain mail        |       |    12 ||    12
Dodge: Dodged            |    21 |    11 ||    32
       Rpst.: Falchion   |     9 |     2 ||    11

Table legend:
 A = Spawn XP
 B = Non-spawn XP
 C = Spawn XP percentage of total XP
 D = Spawn monster count
 E = Non-spawn monster count
 F = Spawn count percentage of total count
 G = Total turns spent on level
                    A         B        C        D         E        F      G
               +---------+---------+-------+---------+---------+-------+---------
         Total |       0 |     517 |   0.0 |       0 |       5 |   0.0 |   794
               +---------+---------+-------+---------+---------+-------+---------
             D |       0 |     517 |   0.0 |       0 |       5 |   0.0 |   794
               +---------+---------+-------+---------+---------+-------+---------
